 Dungeon Crawl Stone Soup version 0.31-a0-1620-gcbf77bbcfc (webtiles) character file.

Game seed: 5525487832577233750

340 theswoord the Twirler (level 6, -3/44 HPs)
             Began as a Demonspawn Gladiator on Jan 11, 2024.
             Slain by Menkaure (17 damage)
             ... on level 4 of the Dungeon.
             The game lasted 00:03:37 (2190 turns).

theswoord the Twirler (Demonspawn Gladiator)        Turns: 2190, Time: 00:03:37

Health: -3/44      AC: 14    Str: 15    XL:     6   Next: 30%
Magic:  6/6        EV:  8    Int:  8    God:
Gold:   75         SH:  0    Dex: 18    Spells: 5/5 levels left

rFire   . . .        a - +0 quarterstaff
rCold   + + .        (shield currently unavailable)
rNeg    . . .        g - +0 chain mail
rPois   .            (helmet restricted)
rElec   .            q - +2 cloak of Boturro {rC++}
rCorr   .            (no gloves)
SInv    .            m - +0 pair of boots
Will    .....        (no amulet) Stlth
                     (no ring)
HPRegen 0.27/turn    (no ring)
MPRegen 0.10/turn

%: clarity
@: no status effects
A: horns 2, yellow scales 1, agile 1, clarity
a: no special abilities


You were on level 4 of the Dungeon.
You visited 1 branch of the dungeon, and saw 4 of its levels.

You collected 75 gold pieces.

Inventory:

Hand Weapons
 a - a +0 quarterstaff (weapon)
Missiles
 d - 3 throwing nets (quivered)
 e - a javelin
Armour
 b - a +0 leather armour
 c - a +0 helmet
 g - a +0 chain mail (worn)
 j - a +1 cloak
 m - a +0 pair of boots (worn)
 q - the +2 cloak of Boturro (worn) {rC++}
   (You found it on level 2 of the Dungeon)

   rC++:      It greatly protects you from cold.
Jewellery
 i - a ring of resist corrosion
 t - a +4 ring of protection
Wands
 n - a wand of mindburst (14)
Scrolls
 l - a scroll of blinking
 p - 2 scrolls of torment
Potions
 f - 2 potions of degeneration
 k - a potion of heal wounds
 o - a potion of might


   Skills:
 - Level 2.0 Fighting
 + Level 6.5 Staves
 - Level 1.7 Throwing
 - Level 2.6 Dodging


You had 5 spell levels left.
You didn't know any spells.
Your spell library was empty.

Dungeon Overview and Level Annotations

Branches:
Dungeon (4/15)
 Temple: D:4-7

Altars:

Annotations:
D:4 Menkaure


Innate Abilities, Weirdness & Mutations

You have a pair of horns on your head.
You are partially covered in yellow scales. (AC +2)
You are agile. (Dex +4, Str/Int -1)
You possess an exceptional clarity of mind.


Message History

There is an open door here.
Done exploring.
Done exploring.
Done exploring.
No target in view!
There is a stone staircase leading down here.
You climb downwards.
You hear the sound of rushing water.
There is an entrance to a sewer on this level.
Hurry and find it before the portal rusts away!
There is a stone staircase leading up here.
As you read the scroll of identify, it crumbles to dust.
f - 2 potions of degeneration An orc comes into view.
It is wielding a +0 hand axe.
Found a chain mail.
The orc shouts!
Menkaure, Prince of Dust comes into view.
Found a stone staircase leading down.
Menkaure shouts!
Menkaure gestures wildly while chanting.
Menkaure seems to speed up.
Found a stone staircase leading up.
The orc completely misses you.
You hit the orc. You headbutt the orc, but do no damage.
The orc completely misses you.
Menkaure calls on the powers of darkness!
Your body is wracked with pain!
You hit the orc. You headbutt the orc.
You kill the orc!
Menkaure calls on the powers of darkness!
Your body is wracked with pain!
* * * LOW HITPOINT WARNING * * *
Found a scroll of identify.
Menkaure barely misses you.
You barely miss Menkaure. Menkaure closely misses you.
You barely miss Menkaure.
You headbutt Menkaure, but do no damage.
Menkaure hits you but does no damage.
You thump Menkaure! Your headbutt misses Menkaure.
Menkaure hits you but does no damage.
You barely miss Menkaure. Menkaure hits you!
You die...

#########
#......<#
#.......#
#.......#
#.......#
#.......#
#..)@...#
#...M...#
#.....####
.>[....##
<##....
#....
#....
#...?


You could see Menkaure (fast).

Vanquished Creatures
  Sigmund (D:2)
  Jessica (D:2)
  3 gnolls (D:3)
  4 adders
  A dart slug (D:1)
  10 orcs
  6 ball pythons
  2 bats (D:1)
  7 endoplasms
  5 giant cockroaches
  4 goblins
  A hobgoblin (D:1)
  5 jackals (D:3)
  A quokka (D:1)
  5 frilled lizards
  5 kobolds
  9 rats
70 creatures vanquished.

Notes
Turn   | Place    | Note
-------+----------+-------------------------------------------
     0 | D:1      | theswoord the Demonspawn Gladiator began the quest for the
                  | Orb.
     0 | D:1      | Reached XP level 1. HP: 16/16 MP: 1/1
    87 | D:1      | Reached skill level 3 in Staves
   156 | D:1      | Gained mutation: You have a pair of small horns on your
                  | head. [demonic ancestry]
   156 | D:1      | Reached XP level 2. HP: 11/22 MP: 2/2
   490 | D:1      | Reached XP level 3. HP: 27/27 MP: 3/3
   730 | D:2      | Noticed Sigmund
   750 | D:2      | Gained mutation: You are agile. (Dex +4, Str/Int -1)
                  | [potion of mutation]
   750 | D:2      | Gained mutation: You possess an exceptional clarity of
                  | mind. [potion of mutation]
   751 | D:2      | Killed Sigmund
   752 | D:2      | Reached skill level 5 in Staves
   752 | D:2      | Gained mutation: You are partially covered in yellow
                  | scales. (AC +2) [demonic ancestry]
   752 | D:2      | Reached XP level 4. HP: 6/33 MP: 4/4
   752 | D:2      | Reached XP level 5. HP: 7/38 MP: 5/5
   936 | D:2      | Noticed Jessica
   944 | D:2      | Killed Jessica
   945 | D:2      | Reached skill level 6 in Staves
  1386 | D:2      | Identified the +2 cloak of Boturro {rC++}
  1482 | D:2      | Found a faded altar of an unknown god.
  1683 | D:3      | Gained mutation: You have a pair of horns on your head.
                  | [demonic ancestry]
  1683 | D:3      | Reached XP level 6. HP: 44/44 MP: 6/6
  2181 | D:4      | Noticed Menkaure
  2190 | D:4      | Slain by Menkaure

Skill      XL: |  1  2  3  4  5 |
---------------+----------------+-----
Staves         | 3 5 6 |  6.5
Fighting       | |  2.0
Throwing       | |  1.7
Dodging        | |  2.6

Action                     |  1- 3 |  4- 6 || total
---------------------------+-------+-------++-------
  Melee: Quarterstaff      |    79 |   109 ||   188
         Headbutt          |    11 |    14 ||    25
    Use: Potion            |     1 |       ||     1
         Scroll            |       |     9 ||     9
 Armour: Leather armour    |    31 |       ||    31
         Chain mail        |    26 |    74 ||   100
  Dodge: Dodged            |    58 |    33 ||    91

Levels and vault maps discovered:
D:1:      zaba_arrival_water, layout_basic
D:2:      layout_basic, dilly_ecumenical_altar_fadedgnrine, uniq_sigmund,
          uniq_jessica
D:3:      layout_basic
D:4:      layout_loops_cross, gup_sewer_entry_bubbles, hangedman_decor_lopped,
          serial_bayou_pond_c, chequers_avenue, minmay_manual_mess,
          uniq_grinder, uniq_menkaure
